 Dungeon Crawl Stone Soup version 0.21.1-1-g345015f (webtiles) character file.

23074 xccam the Basher (level 12, -6/169 HPs)
             Began as a Minotaur Berserker on Feb 13, 2018.
             Was a High Priest of Trog.
             Mangled by a white ugly thing (14 damage)
             ... on level 12 of the Dungeon.
             The game lasted 00:25:56 (9504 turns).

xccam the Basher (Minotaur Berserker)               Turns: 9504, Time: 00:25:56

Health: -6/169     AC: 21    Str: 27    XL:     12   Next: 68%
Magic:  11/11      EV: 19    Int: 12    God:    Trog [*****.]
Gold:   671        SH:  2    Dex: 14    Spells: 11/11 levels left

rFire    + . .     SeeInvis .   t - +1 dire flail (curse)
rCold    + . .     Gourm    .   (shield currently unavailable)
rNeg     . . .     Faith    .   i - +7 Kryia's mail coat {PotionHeal*2 rC+}
rPois    .         Spirit   .   (helmet unavailable)
rElec    .         Reflect  +   (no cloak)
rCorr    .         Harm     .   p - +1 pair of gloves
MR       .....                  k - +1 pair of boots of Orthodoxy {Int+7}
Stlth    ..........             y - +2 amulet of reflection
HPRegen  0.38/turn              o - ring of protection from fire
MPRegen  0.12/turn              v - +2 ring of evasion

@: berserking, very quick
A: retaliatory headbutt, horns 3, wild magic 1
a: Berserk, Trog's Hand, Brothers in Arms, Burn Spellbooks, Renounce Religion


You were on level 12 of the Dungeon.
You worshipped Trog.
Trog was extremely pleased with you.
You were not hungry.

You visited 1 branch of the dungeon, and saw 12 of its levels.

You collected 707 gold pieces.
You spent 36 gold pieces at shops.

Inventory:

Hand Weapons
 h - a +0 flail
 n - the +7 hand axe "Zoitinob" {elec, rN++ Dex-5}
   (You found it on level 4 of the Dungeon)

   Occasionally, upon striking a foe, it will discharge some electrical energy
   and cause terrible harm.
   It affects your dexterity (-5).
   It greatly protects you from negative energy.
 t - a cursed +1 dire flail (weapon)
Armour
 i - the +7 Kryia's mail coat (worn) {PotionHeal*2 rC+}
   (You found it on level 4 of the Dungeon)

   It protects you from cold.
 j - a +0 plate armour
 k - the +1 pair of boots of Orthodoxy (worn) {Int+7}
   (You found it on level 5 of the Dungeon)

   It affects your intelligence (+7).
 p - a +1 pair of gloves (worn)
Jewellery
 o - a ring of protection from fire (left hand)
 s - an uncursed ring of resist corrosion
 u - a +3 ring of dexterity
 v - a +2 ring of evasion (right hand)
 y - a +2 amulet of reflection (around neck)
 z - an uncursed amulet of magic regeneration
 B - an uncursed ring of stealth {unknown}
Wands
 a - a wand of iceblast (12)
 d - a wand of flame (54)
 m - a wand of polymorph (13)
 r - a wand of scattershot (7)
Scrolls
 e - 4 scrolls of teleportation
 f - 11 scrolls of identify
 g - 2 scrolls of blinking
 w - 2 scrolls of fear
 x - 5 scrolls of remove curse
Potions
 b - a potion of resistance
 l - 2 potions of curing
 q - 3 potions of agility
 A - a potion of haste
Comestibles
 c - 21 rations


   Skills:
 + Level 12.6 Fighting
 - Level 14.1 Maces & Flails
 + Level 12.4 Armour
 + Level 11.5 Dodging


You had 11 spell levels left.
You didn't know any spells.

Dungeon Overview and Level Annotations

Branches:
Dungeon (12/15)            Temple (0/1) D:6            Lair (0/6) D:8
    Orc (0/2) D:10

Altars:
Fedhas
Gozag
Makhleb
Okawaru
Vehumet
The Shining One
Beogh

Shops:
D:7 !


Innate Abilities, Weirdness & Mutations

You reflexively headbutt those who attack you in melee.
You have a pair of large horns on your head.
Your spells are a little harder to cast, but a little more powerful.


Message History

* * * LOW HITPOINT WARNING * * *
Unknown command.
You sock Rupert! Your headbutt misses Rupert.
Rupert is almost dead.
The white ugly thing punches you but does no damage.
Unknown command.
You flatten Rupert like a pancake!!!
You kill Rupert!
Trog accepts your kill.
Unknown command.
You stick the white ugly thing like a pincushion!!!
You headbutt the white ugly thing!
The white ugly thing is almost dead.
Unknown command.
You hit the orc priest. Your headbutt misses the orc priest.
The orc priest is moderately wounded.
The white ugly thing punches you!
* * * LOW HITPOINT WARNING * * *
The white ugly thing freezes you! You resist.
You die...

.........(.((....#
........##########
......[.#
........#
#######.# #.#
##.#######
#.........
#.@####### #uo#
#oo# #..# #...
#..# .##. #..#
.... #..# ... ..#


You could see a white ugly thing, an orc warrior, an orc priest and an orc.

Vanquished Creatures
  Rupert (D:12)
  Snorg (D:12)
  Josephine (D:11)
  Harold (D:12)
  The ghost of Serooblart the Fighter, a novice MiBe of Trog (D:8)
  4 two-headed ogres
  The ghost of Monsterracer the Destroyer, a journeyman OpWz of Gozag (D:11)
  3 death yaks (D:8)
  Sonja (D:10)
  The ghost of pk666 the Thaumaturge, a journeyman DEWz of Vehumet (D:11)
  A cyclops (D:12)
  2 gargoyles
  2 kobold demonologists
  3 trolls
  A hornet (D:10)
  4 hippogriffs
  6 yaks (D:10)
  A shadow (D:12)
  2 wyverns
  5 wraiths (D:11)
  2 hungry ghosts
  2 soldier ants (D:8)
  2 porcupines (D:8)
  3 ice beasts
  5 sky beasts
  2 phantoms
  7 orc warriors
  An eye of draining (D:11)
  6 centaurs
  6 ogres
  4 big kobolds
  3 bullfrogs
  A water moccasin zombie (D:8)
  2 scorpions
  7 killer bees
  4 wights (D:8)
  3 howler monkeys
  5 crimson imps
  A quasit (D:11)
  3 bullfrog zombies
  6 bullfrog skeletons
  4 hounds
  9 orc priests
  21 orc wizards
  3 centaur skeletons
  Jessica (D:2)
  Terence (D:3)
  2 iguanas
  8 worker ants
  A hound zombie (D:6)
  A howler monkey zombie (D:9)
  A worker ant zombie (D:6)
  11 adders
  4 gnolls (D:10)
  A river rat (D:8)
  A shadow imp (D:6)
  3 oozes
  6 worms
  2 dart slugs
  3 leopard geckos
  73 orcs
  7 giant cockroaches
  4 goblins (D:1)
  5 hobgoblins
  6 jackals
  6 quokkas
  8 bats
  4 frilled lizards
  2 jackal skeletons
  13 kobolds
  A leopard gecko skeleton (D:7)
  A quokka zombie (D:5)
  8 rats
338 creatures vanquished.

Vanquished Creatures (others)
  An iguana (D:8)
  A kobold (D:8)
2 creatures vanquished.

Grand Total: 340 creatures vanquished

Notes
Turn   | Place    | Note
-------+----------+-------------------------------------------
     0 | D:1      | xccam the Minotaur Berserker began the quest for the Orb.
     0 | D:1      | Reached XP level 1. HP: 19/19 MP: 0/0
    17 | D:1      | Reached skill level 4 in Maces & Flails
    62 | D:1      | Reached XP level 2. HP: 20/26 MP: 1/1
   472 | D:1      | Reached skill level 5 in Maces & Flails
   508 | D:1      | Reached XP level 3. HP: 31/31 MP: 2/2
   773 | D:2      | Reached ** piety under Trog
  1068 | D:2      | Found a blossoming altar of Fedhas.
  1069 | D:2      | Noticed Jessica
  1076 | D:2      | Killed Jessica
  1076 | D:2      | Reached skill level 6 in Maces & Flails
  1076 | D:2      | Reached XP level 4. HP: 34/39 MP: 3/3
  1381 | D:2      | Noticed an ogre
  1391 | D:2      | Killed an ogre
  1391 | D:2      | Reached skill level 7 in Maces & Flails
  1391 | D:2      | Reached XP level 5. HP: 25/45 MP: 4/4
  1767 | D:3      | Gained mutation: Your spells are a little harder to cast, but a little more powerful. [potion of mutation]
  1767 | D:3      | Gained mutation: You have a pair of large horns on your head. [potion of mutation]
  1886 | D:3      | Noticed Terence
  1902 | D:3      | Killed Terence
  2386 | D:4      | Reached skill level 8 in Maces & Flails
  2429 | D:4      | Found the +7 Kryia's mail coat {PotionHeal*2 rC+}
  2454 | D:4      | Found an iron altar of Okawaru.
  2461 | D:4      | Got a polished hand axe
  2462 | D:4      | Identified the +7 hand axe "Zoitinob" {elec, rN++ Dex-5} (You found it on level 4 of the Dungeon)
  2476 | D:4      | Noticed an ogre
  2480 | D:4      | Killed an ogre
  2480 | D:4      | Reached XP level 6. HP: 51/51 MP: 5/5
  3004 | D:5      | Entered Level 5 of the Dungeon
  3010 | D:5      | Found a radiant altar of Vehumet.
  3011 | D:5      | Found an opulent altar of Gozag.
  3040 | D:5      | Reached skill level 9 in Maces & Flails
  3135 | D:5      | Found a burning altar of Makhleb.
  3137 | D:5      | Found a glowing golden altar of the Shining One.
  3193 | D:5      | Reached XP level 7. HP: 57/57 MP: 6/6
  3280 | D:5      | Reached skill level 10 in Maces & Flails
  3322 | D:5      | Got a pair of distressingly furry boots
  3333 | D:5      | Identified the +1 pair of boots of Orthodoxy {Int+7} (You found it on level 5 of the Dungeon)
  3700 | D:6      | Reached skill level 11 in Maces & Flails
  3763 | D:6      | Reached XP level 8. HP: 64/64 MP: 7/7
  3818 | D:6      | Reached skill level 12 in Maces & Flails
  3819 | D:6      | Reached *** piety under Trog
  4292 | D:6      | Found a staircase to the Ecumenical Temple.
  4536 | D:7      | Reached skill level 13 in Maces & Flails
  4720 | D:7      | Found Roys's Distillery.
  4729 | D:7      | Bought a potion of curing for 36 gold pieces
  4839 | D:7      | Reached XP level 9. HP: 71/71 MP: 8/8
  5708 | D:8      | Reached skill level 5 in Fighting
  5885 | D:8      | Noticed a death yak
  5888 | D:8      | Noticed a death yak
  5889 | D:8      | Noticed a death yak
  5889 | D:8      | Found a staircase to the Lair.
  5903 | D:8      | Killed a death yak
  5903 | D:8      | Reached skill level 14 in Maces & Flails
  5903 | D:8      | Reached skill level 5 in Armour
  5903 | D:8      | Reached skill level 5 in Dodging
  5903 | D:8      | Killed a death yak
  5903 | D:8      | Reached XP level 10. HP: 64/84 MP: 9/9
  5921 | D:8      | Killed a death yak
  5987 | D:8      | Noticed Serooblart's ghost (novice MiBe)
  6031 | D:8      | Killed Serooblart's ghost
  6253 | D:8      | Reached **** piety under Trog
  6285 | D:8      | Noticed a two-headed ogre
  6287 | D:8      | Noticed a two-headed ogre
  6294 | D:8      | Killed a two-headed ogre
  6297 | D:8      | Killed a two-headed ogre
  6446 | D:8      | Found a roughly hewn altar of Beogh.
  6461 | D:8      | Reached XP level 11. HP: 97/97 MP: 10/10
  6641 | D:8      | Noticed a two-headed ogre
  6650 | D:8      | Killed a two-headed ogre
  6928 | D:9      | Reached ***** piety under Trog
  6968 | D:9      | Reached skill level 10 in Fighting
  7162 | D:9      | Received a gift from Trog
  7358 | D:10     | Entered Level 10 of the Dungeon
  7412 | D:10     | Noticed a two-headed ogre
  7424 | D:10     | Killed a two-headed ogre
  7424 | D:10     | Reached skill level 10 in Armour
  7426 | D:10     | Found a staircase to the Orcish Mines.
  7586 | D:10     | Noticed Sonja
  8080 | D:10     | Killed Sonja
  8080 | D:10     | Reached skill level 10 in Dodging
  8284 | D:11     | Noticed pk666's ghost (journeyman DEWz)
  8289 | D:11     | Killed pk666's ghost
  8386 | D:11     | Reached XP level 12. HP: 110/110 MP: 0/11
  8415 | D:11     | Found a roughly hewn altar of Beogh.
  8504 | D:11     | Noticed Monsterracer's ghost (journeyman OpWz)
  8532 | D:11     | Killed Monsterracer's ghost
  8638 | D:11     | Noticed Josephine
  8653 | D:11     | Killed Josephine
  9351 | D:12     | Noticed Harold
  9358 | D:12     | Killed Harold
  9384 | D:12     | Noticed Snorg
  9392 | D:12     | Killed Snorg
  9483 | D:12     | Noticed Rupert
  9502 | D:12     | Killed Rupert
  9504 | D:12     | HP: 8/169 [white ugly thing (10)]
  9504 | D:12     | Mangled by a white ugly thing

Skill      XL: |  1  2  3  4  5  6  7  8  9 10 11 12 |
---------------+-------------------------------------+-----
Maces & Flails | 4 5 6 7 8 9 11 13 14 | 14.1
Fighting       | 4 6 9 11 12 | 12.6
Armour         | 3 6 8 11 12 | 12.4
Dodging        | 5 8 10 11 | 11.5

Action                   |  1- 3 |  4- 6 |  7- 9 | 10-12 || total
-------------------------+-------+-------+-------+-------++-------
Melee: Mace              |    78 |    67 |       |       ||   145
       Headbutt          |    17 |    22 |    30 |   111 ||   180
       Flail             |       |     4 |       |       ||     4
       Hand axe          |       |    29 |   210 |    59 ||   298
       Dire flail        |       |       |       |   504 ||   504
Invok: Trog's Hand       |       |       |     5 |    10 ||    15
       Berserk           |       |       |     1 |     4 ||     5
       Burn Spellbooks   |       |       |       |     4 ||     4
  Use: Scroll            |       |    15 |     2 |     5 ||    22
       Potion            |       |     2 |     2 |     4 ||     8
 Stab: Sleeping          |     1 |       |       |       ||     1
  Eat: Chunk             |       |     4 |     9 |    20 ||    33
       Ration            |       |     1 |       |     2 ||     3
Armor: Animal skin       |     4 |       |       |       ||     4
       Ring mail         |     8 |       |       |       ||     8
       Plate armour      |    26 |    35 |       |       ||    61
       Scale mail        |       |     9 |   101 |   167 ||   277
Dodge: Dodged            |    35 |    36 |   112 |   361 ||   544
Block: Other             |       |       |     4 |    21 ||    25
       Reflection        |       |       |       |     1 ||     1
